Map: Ruins of Seras

Players

catman

  • Race: Terran Terran
  • League: Silver

SticklerMac - Winner!

  • Race: Terran Terran
  • League: Bronze

VOD

Have the link to the VOD?

Description

Time

  • Played on: July 29, 2015, 3:23 p.m.
  • Length: 7:31
Show
View Real Time Build Order
Export as new Build Order

catman Terran 

Build Orders:  

Get SALT Encoding   

  12  0:02  SCV  
  13  0:26  SCV  
  13  0:28  Supply Depot  
  14  0:31  Refinery  
  14  0:38  SCV  
  15  0:50  SCV  
  15  0:51  Barracks  
  16  1:03  SCV  
  17  1:05  Barracks  
  17  1:15  SCV  
  18  1:25  Refinery  
  18  1:27  SCV  
  19  1:39  SCV  
  20  1:40  Barracks Tech Lab  
  20  1:42  Barracks  
  20  1:54  Supply Depot  
  20  2:01  Orbital Command  
  20  2:07  Reaper  
  21  2:12  Reaper  
  22  2:20  Supply Depot  
  22  2:41  Barracks Tech Lab  
  22  2:44  Reaper  
  22  2:45  Reaper  
  24  2:54  SCV  
  24  2:55  Factory  
  25  3:02  Marine  
  26  3:06  SCV  
  27  3:16  Marine  
  27  3:17  Marine  
  27  3:18  Combat Shields  
  27  3:19  Marine  
  30  3:37  Marine x3  
  33  3:51  Starport  
  33  3:55  Marine x2  
  33  4:10  Marine  
  33  4:13  Marine x2  
  36  4:17  Factory Reactor  
  36  4:28  Marauder  
  38  4:36  Supply Depot  
  38  4:51  Marauder  
  39  5:00  Supply Depot  
  39  5:07  Medivac x2  
  39  5:13  Marauder  
  39  5:14  Marauder  
  47  5:15  Barracks Tech Lab  
  47  5:21  SCV  
  47  5:22  Supply Depot  
  48  5:33  SCV  
  49  5:37  Medivac x2  
  49  5:42  Marine x2  
  54  5:44  Marauder  
  54  5:46  SCV  
  57  5:52  Supply Depot  
  57  5:58  SCV  
  57  6:00  Marauder  
  60  6:10  SCV  
  61  6:16  Command Center  
  61  6:24  Engineering Bay  
  61  6:27  Marine x2  
  61  6:28  Marauder  
  65  6:34  SCV  
  66  6:43  Concussive Shells  
  66  6:46  SCV, Marauder  
  69  6:52  Medivac  
  71  6:57  Supply Depot  
  71  7:21  Supply Depot  
Show
View Real Time Build Order
Export as new Build Order

SticklerMac Terran - Winner!

Build Orders:  

Get SALT Encoding   

  12  0:01  SCV  
  13  0:13  SCV  
  14  0:24  Supply Depot  
  14  0:25  SCV  
  15  0:46  SCV  
  15  0:47  Barracks  
  15  0:49  Refinery  
  16  0:58  SCV  
  17  1:10  Barracks  
  17  1:16  SCV  
  18  1:29  SCV  
  19  1:35  Barracks  
  19  1:42  SCV  
  19  1:44  Barracks Tech Lab  
  20  1:54  SCV  
  21  2:02  Barracks Reactor  
  21  2:06  Engineering Bay  
  21  2:10  Engineering Bay  
  22  2:20  Marauder  
  23  2:25  Supply Depot  
  23  2:28  Supply Depot  
  23  2:31  Supply Depot  
  23  2:37  Barracks Reactor  
  23  2:46  SCV  
  23  2:50  Marine x2  
  26  2:52  Marauder  
  28  3:03  Terran Infantry Weapons Level 1  
  28  3:08  Refinery  
  28  3:09  Marine x2  
  30  3:15  Marauder  
  32  3:20  Marine  
  32  3:21  Marine  
  34  3:38  Marine x2, Marauder  
  34  3:39  Marine x2  
  40  3:48  Orbital Command  
  40  3:58  Marine  
  41  4:08  Marine  
  41  4:09  Marine x2  
  44  4:14  Terran Infantry Armor Level 1  
  44  4:23  Factory  
  44  4:29  Marine x2  
  46  4:34  Marine  
  47  4:56  Supply Depot  
  47  4:57  Supply Depot  
  47  5:04  Supply Depot  
  47  5:11  Starport  
  47  5:17  Marine x3  
  47  5:18  Marauder  
  47  5:20  Marine  
  53  5:35  Marine x2  
  55  5:39  Marauder  
  57  5:44  Marine  
  57  5:45  Marine  
  59  5:53  Marine x2  
  59  5:55  Medivac  
  63  6:07  Marauder  
  63  6:08  Marine x2  
  67  6:15  Supply Depot  
  67  6:24  Supply Depot  
  67  6:31  Medivac  
  69  6:35  Marine  
  69  6:37  Marine  
  71  6:54  Marauder  
  73  7:06  Marine  
  76  7:11  Marine x2  
Tags
 
Add a new tag
Caveats
  • Supply blocks, unpowered buildings, or Contaminate may cause inaccurate times.
  • Supply counts are checked every 10 seconds.